 Dungeon Crawl Stone Soup version 0.20-a0-472-g5c05303 (webtiles) character file.

5086 TheGoonsmith the Caller (level 10, -10/51 HPs)
             Began as a Vine Stalker Ice Elementalist on Jan 14, 2017.
             Was a High Priest of Ru.
             Mangled by Snorg (15 damage)
             ... on level 10 of the Dungeon.
             The game lasted 00:28:11 (10118 turns).

TheGoonsmith the Caller (VSIE)                     Turns: 10118, Time: 00:28:11

Health: -10/51     AC: 15    Str: 11    XL:     10   Next: 57%
Magic:  0/21       EV: 15    Int: 18    God:    Ru [*****.]
Gold:   663        SH:  0    Dex: 17    Spells: 13/23 levels left

rFire  . . .     SeeInvis .     a - +3 flail (drain)
rCold  . . .     Gourm    .     i - +0 leather armour
rNeg   . . .     Faith    .     (no shield)
rPois  .         Spirit   +     (no helmet)
rElec  .         Reflect  .     k - +1 cloak
rCorr  .         Harm     .     E - +2 pair of gloves
MR     +....                    N - +0 pair of boots
Stlth  +.........               (no amulet)
                                K - ring of loudness (curse)
                                l - +2 ring of intelligence

@: icy armour, horrified, very slightly contaminated, invisible, slow
A: fangs 3, regeneration 1, magic shield, antimagic bite, no potion heal 3, rot
immunity, inability to use devices, cowardly, inability to train armour
a: Draw Out Power, Power Leap, Apocalypse, Renounce Religion


You were on level 10 of the Dungeon.
You worshipped Ru.
Ru was extremely pleased with you.
You were not hungry.

You visited 2 branches of the dungeon, and saw 11 of its levels.

You collected 663 gold pieces.

Inventory:

Hand Weapons
 a - a +3 flail of draining (weapon)
 b - a +0 blowgun
 d - a +0 club
 q - a +0 rapier of protection
Missiles
 s - 67 poisoned needles
 t - 6 tomahawks (quivered)
 z - 4 poisoned tomahawks
Armour
 i - a +0 leather armour (worn)
 k - a +1 cloak (worn)
 v - a +0 robe
 B - a +0 pair of gloves
 E - a +2 pair of gloves (worn)
 N - a +0 pair of boots (worn)
Jewellery
 l - a +2 ring of intelligence (left hand)
 F - an uncursed amulet of faith
 G - a +2 ring of strength
 K - a cursed ring of loudness (right hand)
Scrolls
 f - 2 scrolls of amnesia
 h - 3 scrolls of teleportation
 r - 3 scrolls of magic mapping
 y - 2 scrolls of enchant weapon
 A - a scroll of remove curse
 D - a scroll of recharging {unknown}
Potions
 e - 3 potions of brilliance {unknown}
 g - 4 potions of curing
 j - 2 potions of cancellation {unknown}
 m - 2 potions of resistance {unknown}
 n - a potion of mutation {unknown}
 o - a potion of haste {unknown}
 w - 4 potions of invisibility
 H - a potion of ambrosia {unknown}
 I - a potion of agility {unknown}
 J - a potion of flight {unknown}
Books
 x - a book of Frost

   Spells                             Type                      Level
   a - Freeze                         Ice                          1
   b - Throw Frost                    Conjuration/Ice              2
   c - Ozocubu's Armour               Charms/Ice                   3
   d - Throw Icicle                   Conjuration/Ice              4
   e - Summon Ice Beast               Ice/Summoning                4
 C - a book of Changes

   Spells                             Type                      Level
   a - Beastly Appendage              Transmutation                1
   b - Sticks to Snakes               Transmutation                2
   c - Spider Form                    Transmutation/Poison         3
   d - Ice Form                       Ice/Transmutation            4
   e - Blade Hands                    Transmutation                5
Comestibles
 c - 6 bread rations
 p - a slice of pizza
 u - a chunk of flesh
 L - 2 fruits


   Skills:
 + Level 5.2 Fighting
 - Level 4.0 Maces & Flails
 - Level 5.4 Dodging
 - Level 2.4 Stealth
 - Level 7.0 Spellcasting
 - Level 2.0 Conjurations
 - Level 3.0 Charms
 - Level 7.1 Summonings
 - Level 6.0 Ice Magic


You had 13 spell levels left.
You knew the following spells:

 Your Spells              Type           Power        Failure   Level  Hunger
a - Freeze                Ice            ###.         1%          1    None
b - Throw Frost           Conj/Ice       ###...       4%          2    None
c - Ozocubu's Armour      Chrm/Ice       ###.....     10%         3    ##.....
z - Summon Ice Beast      Ice/Summ       ###.....     12%         4    ####...


Dungeon Overview and Level Annotations

Branches:
Dungeon (10/15)            Temple (1/1) D:7            Lair (0/6) D:8
    Orc: D:9-12

Altars:
Ashenzari
Cheibriados
Dithmenos
Elyvilon
Fedhas
Gozag
Hepliaklqana
Kikubaaqudgha
Makhleb
Nemelex Xobeh
Okawaru
Qazlal
Ru
Sif Muna
Trog
Uskayaw
Vehumet
Xom
Yredelemnul
Zin
The Shining One

Shops:
D:7 }

Annotations:
D:10 Snorg


Innate Abilities, Weirdness & Mutations

You have razor-sharp teeth.
Your natural rate of healing is unusually fast.
When hurt, damage is shared between your health and your magic reserves.
Your bite disrupts and absorbs the magic of your enemies.
Potions cannot restore your health.
You are immune to rotting.
You cannot study or use magical devices.
Your cowardice makes you less effective in combat with threatening monsters.
You cannot train Armour skill.


Message History

Your ice beast hits Snorg.
Your ice beast freezes Snorg.
Snorg closely misses you. Snorg claws you! x2
You focus your will and illuminate Snorg in retribution!
Unknown command.
You swap places.
Your ice beast hits Snorg.
Your ice beast freezes Snorg!
Your ice beast closely misses Snorg.
Snorg bites your ice beast!!
Your ice beast dies!
Your ice beast hits Snorg.
Your ice beast freezes Snorg!
You fade into invisibility!
Snorg stops glowing.
Snorg bites you!
* * * LOW HITPOINT WARNING * * *
You focus your will and blind Snorg in retribution!
Snorg closely misses you. x2; Your ice beast hits Snorg.
Your ice beast freezes Snorg!
You are very lightly contaminated with residual magic.
Okay, then.
Okay, then.
Your ice beast barely misses Snorg.
Snorg bites you!
You die...

#...........#...........#
#..........<#...........#
#+#...#####.####...#....#
#.......#........#....#
+.......#........#....#
#.......#........#....#
#######+##...###'##...######
#....#...#....#...#####
'....#...'....#.@.#
#....#...#....#.T.#
#....#...#)...#...#
####'#####....#.Y.#
..#.....)................
..#.....)................
..#......................
..#....########.#########
'####### ....


You could see Snorg (berserk) and a friendly ice beast.

Vanquished Creatures
  A two-headed ogre (D:9)
  Pikel (D:5)
  2 centaur zombies (D:7)
  The ghost of moogleknight the Poker, a novice FoWr of Elyvilon (D:5)
  Prince Ribbit (D:7)
  A hippogriff (D:9)
  2 porcupines (D:8)
  A black bear (D:7)
  A hornet zombie (D:9)
  A slave (D:5)
  2 phantoms (D:4)
  2 orc warriors
  2 centaurs
  3 bullfrogs
  A scorpion (D:4)
  9 killer bees
  A howler monkey (D:4)
  A crimson imp (D:6)
  2 bullfrog zombies
  3 hounds
  A quasit (D:8)
  A bullfrog skeleton (D:6)
  An orc priest (D:4)
  4 orc wizards
  A gnoll shaman (D:3)
  4 iguanas
  3 worker ants
  A hound skeleton (D:9)
  7 gnolls
  10 adders
  3 shadow imps
  An adder zombie (D:8)
  An adder skeleton (D:9)
  3 worms (D:2)
  A dart slug (D:4)
  3 leopard geckos
  30 orcs
  A ball python (D:3)
  11 bats
  7 giant cockroaches
  2 goblins (D:1)
  5 hobgoblins
  5 jackals
  2 quokkas
  3 frilled lizards
  A jackal skeleton (D:4)
  6 kobolds
  9 rats
165 creatures vanquished.

Vanquished Creatures (collateral kills)
  A yak (D:8)
  Menkaure (D:6)
  An orc warrior (D:9)
  A porcupine (D:8)
  A sky beast (D:10)
  A centaur (D:6)
  3 ogres (D:8)
  4 bullfrogs
  A scorpion (D:9)
  9 killer bees
  An orc priest (D:8)
  2 orc wizards
  3 worker ants
  A hound skeleton (D:9)
  2 gnolls (D:9)
  An adder (D:10)
  A shadow imp (D:8)
  A leopard gecko (D:9)
  13 orcs
  A fungus (D:8)
49 creatures vanquished.

Vanquished Creatures (others)
  A jackal (D:5)
  6 fungi (D:8)
  2 plants (D:8)
9 creatures vanquished.

Grand Total: 223 creatures vanquished

Notes
Turn   | Place    | Note
-------+----------+-------------------------------------------
     0 | D:1      | TheGoonsmith the Vine Stalker Ice Elementalist began the quest for the Orb.
     0 | D:1      | Reached XP level 1. HP: 9/9 MP: 4/4
   169 | D:1      | Reached XP level 2. HP: 13/13 MP: 1/6
   523 | D:1      | Learned a level 2 spell: Throw Frost
  1093 | D:1      | Reached XP level 3. HP: 16/16 MP: 2/7
  2458 | D:2      | Found a sacrificial altar of Ru.
  2518 | D:2      | Gained mutation: Your natural rate of healing is unusually fast. [Vine Stalker growth]
  2518 | D:2      | Reached XP level 4. HP: 16/21 MP: 4/8
  2557 | D:2      | Became a worshipper of Ru the Awakened
  3038 | D:3      | Reached skill level 5 in Ice Magic
  3258 | D:3      | Reached XP level 5. HP: 24/24 MP: 0/9
  3428 | D:3      | Learned a level 3 spell: Ozocubu's Armour
  3984 | D:3      | Reached XP level 6. HP: 27/28 MP: 2/11
  4321 | D:4      | Learned a level 4 spell: Summon Ice Beast
  4376 | D:4      | Gained mutation: You cannot train Armour skill. [Ru sacrifice]
  4376 | D:4      | Reached * piety under Ru
  4443 | D:4      | Noticed a phantom
  4456 | D:4      | Killed a phantom
  4526 | D:4      | Reached skill level 5 in Spellcasting
  4526 | D:4      | Reached XP level 7. HP: 31/32 MP: 9/15
  4722 | D:4      | Reached skill level 1 in Charms
  4989 | D:5      | Entered Level 5 of the Dungeon
  5224 | D:5      | Noticed moogleknight's ghost (novice FoWr)
  5243 | D:5      | Noticed Pikel
  5244 | D:5      | Killed moogleknight's ghost
  5244 | D:5      | Gained mutation: You have razor-sharp teeth. [Vine Stalker growth]
  5244 | D:5      | Reached XP level 8. HP: 23/36 MP: 6/16
  5250 | D:5      | Killed Pikel
  6127 | D:6      | Reached skill level 1 in Fighting
  6554 | D:6      | Reached XP level 9. HP: 34/42 MP: 14/17
  6557 | D:6      | Gained mutation: Your cowardice makes you less effective in combat with threatening monsters. [Ru sacrifice]
  6557 | D:6      | Reached ** piety under Ru
  6593 | D:6      | Noticed Menkaure
  6608 | D:6      | Killed Menkaure
  7255 | D:7      | Found Romudgho's Gadget Boutique.
  7316 | D:7      | Noticed Prince Ribbit
  7325 | D:7      | Killed Prince Ribbit
  7343 | D:7      | Found an opulent altar of Gozag.
  7650 | D:7      | Found a staircase to the Ecumenical Temple.
  7653 | Temple   | Entered the Ecumenical Temple
  8098 | D:8      | Found a sacrificial altar of Ru.
  8098 | D:8      | Found a hide-covered altar of Uskayaw.
  8099 | D:8      | Found a radiant altar of Vehumet.
  8432 | D:8      | Found a staircase to the Lair.
  8440 | D:8      | Reached XP level 10. HP: 49/49 MP: 10/21
  8710 | D:8      | Found a radiant altar of Vehumet.
  8819 | D:8      | Found a stormy altar of Qazlal.
  8833 | D:8      | Gained mutation: You cannot study or use magical devices. [Ru sacrifice]
  8833 | D:8      | Reached *** piety under Ru
  8833 | D:8      | Reached **** piety under Ru
  8833 | D:8      | Reached ***** piety under Ru
  9070 | D:9      | Noticed a two-headed ogre
  9111 | D:9      | Killed a two-headed ogre
  9111 | D:9      | Reached skill level 5 in Dodging
  9613 | D:9      | Found a hazy altar of Hepliaklqana.
  9745 | D:10     | Entered Level 10 of the Dungeon
  9763 | D:10     | Reached skill level 5 in Fighting
 10106 | D:10     | Noticed Snorg
 10118 | D:10     | Mangled by Snorg

Vault maps used:
D:1:      saegor_arrival_simple_a, hangedman_decor_growths
D:2:      nicolae_ru_path_of_blood
D:3:      kennysheep_generic_room_12
D:5:      first_bread, uniq_pikel
D:6:      nrook_mini_vaults, uniq_menkaure
D:7:      grunt_gozag_breadcrumbs, serial_shops, shop, uniq_prince_ribbit1
D:8:      nicolae_qazlal_style_of_elements, gammafunk_temple_overflow_claw,
          due_lair_maze_entry_diamond, basic_altar
D:9:      old_standard_altar
D:10:     uniq_snorg, uniq_nergalle, uniq_josephine, uniq_joseph
Temple:   eino_wide_crystal_templ

Skill      XL: |  1  2  3  4  5  6  7  8  9 10 |
---------------+-------------------------------+-----
Ice Magic      | 4 5 6 |  6.0
Spellcasting   | 3 5 6 7 |  7.0
Conjurations   | 2 |  2.0
Charms         | 3 |  3.0
Summonings     | 4 7 |  7.1
Fighting       | 2 3 5 |  5.2
Dodging        | 4 5 |  5.4
Maces & Flails | 4 |  4.0
Stealth        | |  2.4

Action                   |  1- 3 |  4- 6 |  7- 9 | 10-12 || total
-------------------------+-------+-------+-------+-------++-------
Melee: Unarmed           |     2 |       |       |       ||     2
       Club              |     5 |       |       |       ||     5
       Bite              |     2 |     5 |    42 |    24 ||    73
       Rapier            |     1 |     4 |       |       ||     5
       Flail             |       |    30 |   127 |    85 ||   242
 Cast: Freeze            |    63 |    69 |    79 |    37 ||   248
       Throw Frost       |       |    10 |     7 |       ||    17
       Ozocubu's Armour  |       |       |    14 |    11 ||    25
       Summon Ice Beast  |       |       |    31 |    26 ||    57
Invok: Sacrifice Durabil |       |     1 |       |       ||     1
       Sacrifice Courage |       |       |     1 |       ||     1
       Sacrifice Artific |       |       |       |     1 ||     1
  Use: Scroll            |       |     8 |     7 |     1 ||    16
       Potion            |       |       |       |     1 ||     1
 Stab: Sleeping          |       |     2 |     3 |     1 ||     6
       Distracted        |       |       |     1 |     4 ||     5
  Eat: Chunk             |     6 |     7 |    16 |    10 ||    39
       Fruit             |       |       |     2 |       ||     2
       Beef jerky        |       |       |     1 |       ||     1
Armor: Robe              |     4 |       |       |       ||     4
       Leather armour    |    18 |    23 |    56 |    69 ||   166
Dodge: Dodged            |    39 |    46 |   106 |   148 ||   339
